 Dungeon Crawl Stone Soup version 0.23-a0-558-g30802b1 (webtiles) character file.

1736 rageheart7 the Cleaver (level 9, -3/72 HPs)
             Began as a Formicid Monk on Dec 12, 2018.
             Was an Elder of Nemelex Xobeh.
             Slain by a sky beast (6 damage)
             ... on level 7 of the Dungeon.
             The game lasted 00:09:31 (6607 turns).

rageheart7 the Cleaver (Formicid Monk)              Turns: 6607, Time: 00:09:32

Health: -3/72      AC: 10    Str: 19    XL:     9   Next: 25%
Magic:  9/9        EV: 13    Int:  9    God:    Nemelex Xobeh [****..]
Gold:   376        SH:  5    Dex: 18    Spells: 8/8 levels left

rFire    . . .     SeeInvis +   u - +1 trident (vamp)
rCold    . . .     Gourm    .   (no shield)
rNeg     + + .     Faith    .   e - +4 leather armour of the Blind Marksman {*Drain rN++ Dex+4}
rPois    .         Spirit   .   (helmet unavailable)
rElec    .         Reflect  +   (no cloak)
rCorr    .         Harm     .   (no gloves)
MR       .....                  g - +2 pair of boots
Stlth    ++........             p - +5 amulet of reflection
HPRegen  0.22/turn              (no ring)
MPRegen  0.11/turn              (no ring)

@: no status effects
A: permanent stasis, dig shafts and tunnels, four strong arms, antennae 3
a: Dig, Shaft Self, Triple Draw, Deal Four, Renounce Religion


You were on level 7 of the Dungeon.
You worshipped Nemelex Xobeh.
Nemelex Xobeh was greatly pleased with you.
You were very hungry.

You visited 2 branches of the dungeon, and saw 8 of its levels.

You collected 376 gold pieces.

Inventory:

Hand Weapons
 a - a +1 hand axe
 u - a +1 vampiric trident (weapon)
 v - a +0 scythe of venom
Armour
 e - the +4 leather armour of the Blind Marksman (worn) {*Drain rN++ Dex+4}
   (You found it on level 4 of the Dungeon)

   It affects your dexterity (+4).
   It greatly protects you from negative energy.
   It causes draining when unequipped.
 g - a +2 pair of boots (worn)
Jewellery
 p - a +5 amulet of reflection (around neck)
Wands
 i - a wand of iceblast (8)
Scrolls
 d - 3 scrolls of identify
 f - 2 scrolls of enchant armour
 j - 6 scrolls of remove curse
 n - a scroll of magic mapping
Potions
 b - a potion of brilliance
 s - a potion of ambrosia
 t - a potion of invisibility
Miscellaneous
 k - an ornate deck of destruction {drawn: 4}
 l - a plain deck of escape
 m - an ornate deck of summoning {drawn: 1}
 r - an ornate deck of destruction {drawn: 4}
Comestibles
 c - 13 rations


   Skills:
 + Level 7.2 Fighting
 * Level 10.0 Axes
 - Level 2.6 Dodging
 - Level 2.4 Stealth
 + Level 0.9 Evocations


You had 8 spell levels left.
You didn't know any spells.
Your spell library contained the following spells:

 Spells                   Type           Power        Failure   Level  Hunger
 Beastly Appendage        Tmut           #.....       43%         1    ##.....
 Sticks to Snakes         Tmut           #.......     58%         2    ###....
 Spider Form              Tmut/Pois      #.........   82%         3    ####...
 Ice Form                 Ice/Tmut       #.......     99%         4    #####..
 Blade Hands              Tmut           #.........   100%        5    ######.


Dungeon Overview and Level Annotations

Branches:
Dungeon (7/15)             Temple (1/1) D:7

Altars:
Ashenzari
Cheibriados
Elyvilon
Fedhas
Gozag
Hepliaklqana
Kikubaaqudgha
Makhleb
Nemelex Xobeh
Okawaru
Qazlal
Sif Muna
Trog
Uskayaw
Vehumet
Wu Jian
Xom
Zin
The Shining One

Shops:
D:7 !

Annotations:
D:7 Joseph


Innate Abilities, Weirdness & Mutations

You cannot be hasted, slowed, berserked, paralysed or teleported.
You can dig through walls and to a lower floor.
Your four strong arms can wield two-handed weapons with a shield.
You have a pair of large antennae on your head. (SInv)


Message History

* * * LOW HITPOINT WARNING * * *
You block the sky beast's attack.
You barely miss Joseph.
Joseph is almost dead.
Joseph hits you with a +0 quarterstaff!
* * * LOW HITPOINT WARNING * * *
The sky beast flickers out of sight for a moment.
The sky beast hits you but does no damage.
You closely miss Joseph.
Joseph is almost dead.
Joseph hits you with a +0 quarterstaff!
* * * LOW HITPOINT WARNING * * *
You block the sky beast's attack.
You hit Joseph.
Joseph is almost dead.
You block Joseph's attack. The sky beast hits you.
* * * LOW HITPOINT WARNING * * *
The sky beast shocks you.
You die...
Your body glows slightly and disappears.

........()...W#.........
#...##÷##)≈(##....# .) .
#.(.#.≈.@((#..# ..
#.8.#.S.>(##..# ..
#...#....##...# ..
###.###...###..##..#
#8.§.8###.#.#...#...
#..Y@.##...........#
#..@§.##........#.##
#.....#...#....##.##
#8...8#.#####.###(..
###.###. ##........ .(.
.# #.......## .8.##
###.......#. ...
#........... ##.##
#..#.........
....#.........


You could see Joseph and a sky beast.

Vanquished Creatures
  Sigmund (D:5)
  A porcupine (D:6)
  An orc warrior (D:6)
  A black bear (D:7)
  3 sky beasts
  An ogre (D:5)
  2 centaurs (D:7)
  A bullfrog (D:7)
  2 howler monkeys
  A crimson imp (D:5)
  A hound (D:5)
  A jelly (D:6)
  2 orc wizards (D:5)
  A centaur skeleton (D:7)
  2 iguanas
  3 worker ants
  A hound skeleton (D:4)
  7 adders
  3 gnolls (D:2)
  A river rat (D:2)
  2 oozes
  2 adder zombies
  3 worms
  3 dart slugs
  3 leopard geckos
  15 orcs
  7 bats
  2 giant cockroaches
  9 goblins
  7 hobgoblins
  15 jackals
  A quokka (D:4)
  6 frilled lizards
  2 jackal skeletons (D:5)
  14 kobolds
  10 rats
137 creatures vanquished.

Vanquished Creatures (collateral kills)
  A phantom (Temple)
  A worker ant (D:4)
  An ooze (D:4)
  A leopard gecko skeleton (D:4)
4 creatures vanquished.

Grand Total: 141 creatures vanquished

Notes
Turn   | Place    | Note
-------+----------+-------------------------------------------
     0 | D:1      | rageheart7 the Formicid Monk began the quest for the Orb.
     0 | D:1      | Reached XP level 1. HP: 18/18 MP: 1/1
   272 | D:1      | Reached XP level 2. HP: 24/24 MP: 2/2
   616 | D:1      | Reached XP level 3. HP: 18/30 MP: 3/3
  1366 | D:1      | Found a sparkling altar of Nemelex Xobeh.
  1528 | D:1      | Became a worshipper of Nemelex Xobeh the Trickster
  1528 | D:1      | Received a gift from Nemelex Xobeh
  1528 | D:1      | Reached * piety under Nemelex Xobeh
  1528 | D:1      | Received a gift from Nemelex Xobeh
  1528 | D:1      | Reached ** piety under Nemelex Xobeh
  1576 | D:2      | Reached skill level 4 in Axes
  1611 | D:2      | Reached XP level 4. HP: 19/37 MP: 4/4
  1720 | D:2      | Received a gift from Nemelex Xobeh
  1922 | D:2      | Noticed Terence
  1939 | D:2      | Noticed Terence
  1939 | D:2      | Terence changed into Terence the river rat
  1942 | D:2      | Killed Terence the river rat
  2071 | D:2      | Found a bloodstained altar of Trog.
  2074 | D:2      | Found a hazy altar of Hepliaklqana.
  2077 | D:2      | Found an iron altar of Okawaru.
  2080 | D:2      | Found a glowing silver altar of Zin.
  2170 | D:2      | Found a blossoming altar of Fedhas.
  2263 | D:2      | Reached XP level 5. HP: 29/42 MP: 5/5
  2317 | D:2      | Reached skill level 5 in Axes
  2664 | D:2      | You fall through a shaft for 2 floors!
  2920 | D:4      | Reached XP level 6. HP: 45/49 MP: 6/6
  3042 | D:4      | Received a gift from Nemelex Xobeh
  3447 | D:3      | Found a white marble altar of Elyvilon.
  4090 | D:4      | Reached *** piety under Nemelex Xobeh
  4143 | D:4      | Reached skill level 6 in Axes
  4431 | D:4      | Reached skill level 5 in Fighting
  4436 | D:4      | Got a pitted leather armour
  4447 | D:4      | Identified the +4 leather armour of the Blind Marksman
                  | {*Drain rN++ Dex+4} (You found it on level 4 of the
                  | Dungeon)
  4559 | D:5      | Entered Level 5 of the Dungeon
  4576 | D:5      | Noticed an ice beast
  4596 | D:5      | Noticed a sky beast
  4596 | D:5      | an ice beast changed into a sky beast
  4615 | D:5      | Killed a sky beast
  4615 | D:5      | Reached XP level 7. HP: 46/56 MP: 7/7
  4622 | D:5      | Received a gift from Nemelex Xobeh
  4692 | D:5      | Reached skill level 7 in Axes
  4776 | D:5      | Found a snail-covered altar of Cheibriados.
  4938 | D:5      | Noticed Sigmund
  4943 | D:5      | Killed Sigmund
  4943 | D:5      | Reached skill level 8 in Axes
  4943 | D:5      | Reached XP level 8. HP: 61/64 MP: 8/8
  5137 | D:5      | Found a bloodstained altar of Trog.
  5363 | D:6      | Received a gift from Nemelex Xobeh
  5413 | D:6      | Reached skill level 9 in Axes
  5724 | D:6      | Found an ancient bone altar of Kikubaaqudgha.
  5724 | D:6      | Found a deep blue altar of Sif Muna.
  5869 | D:6      | Found a shattered altar of Ashenzari.
  5883 | D:6      | Reached **** piety under Nemelex Xobeh
  5924 | D:6      | Found a white marble altar of Elyvilon.
  6047 | D:7      | Found Pezaxas's Distillery.
  6053 | D:7      | Reached XP level 9. HP: 71/71 MP: 9/9
  6144 | D:7      | Noticed Joseph
  6150 | D:7      | Found a staircase to the Ecumenical Temple.
  6180 | Temple   | Entered the Ecumenical Temple
  6187 | Temple   | Reached skill level 10 in Axes
  6607 | D:7      | HP: 3/72 [sky beast (1)]
  6607 | D:7      | Slain by a sky beast

Vault maps used:
D:1:      onia_arrival_handbag, nemelex_diamond_rough_becter
D:2:      nicolae_overflow_crystal_walls, grunt_temple_overflow_cloverleaf,
          uniq_terence
D:3:      lemuel_crystal_altar, dk_vineyard_1
D:4:      first_ration
D:5:      lemuel_doored_altar, minmay_misc_feat_secret_circle,
          trog_butcher_becter, uniq_sigmund
D:6:      overflow_temple_1_default, gammafunk_temple_overflow_statue,
          st_stairs_1, elyvilon_altar_1
D:7:      nicolae_ru_sacrificial_ziggurat, minmay_temple_entry_antechambers,
          serial_shops, shop_coins, shop, shop, uniq_joseph
Temple:   nicolae_temple_figure_zero

Skill      XL: |  1  2  3  4  5  6  7  8  9 |
---------------+----------------------------+-----
Fighting       | 4 5 6 7 |  7.2
Axes           | 4 5 6 8 9 10 | 10.0
Dodging        | |  2.6
Stealth        | |  2.4
Evocations     | |  0.9

Action                   |  1- 3 |  4- 6 |  7- 9 || total
-------------------------+-------+-------+-------++-------
Melee: Hand axe          |   122 |   265 |    99 ||   486
       Trident           |       |       |   132 ||   132
Evoke: Deck              |       |     8 |    11 ||    19
       Wand              |       |       |     4 ||     4
  Use: Potion            |       |     3 |     2 ||     5
       Scroll            |       |    13 |     2 ||    15
 Stab: Sleeping          |     4 |     4 |     5 ||    13
  Eat: Chunk             |     1 |    11 |     3 ||    15
       Ration            |       |       |     2 ||     2
Armor: Robe              |    26 |    11 |       ||    37
       Ring mail         |       |    75 |       ||    75
       Leather armour    |       |    10 |    92 ||   102
Dodge: Dodged            |    98 |   167 |   137 ||   402
Block: Other             |       |    20 |    47 ||    67
       Reflection        |       |       |     3 ||     3

Table legend:
 A = Non-vault XP
 B = Vault XP
 C = Vault XP percentage of total XP
 D = Non-vault monster count
 E = Vault monster count
 F = Vault count percentage of total count
                 A         B        C        D         E       F
            +---------+---------+-------+---------+---------+-------
      Total |    2048 |     432 |  17.4 |     129 |      12 |   8.5
            +---------+---------+-------+---------+---------+-------
        D:1 |      47 |      10 |  17.5 |      25 |       4 |  13.8
        D:2 |     112 |      13 |  10.4 |      25 |       1 |   3.8
        D:3 |      83 |       0 |   0.0 |      25 |       0 |   0.0
        D:4 |     197 |       0 |   0.0 |      18 |       0 |   0.0
        D:5 |     635 |     216 |  25.4 |      21 |       5 |  19.2
        D:6 |     361 |     193 |  34.8 |       7 |       2 |  22.2
        D:7 |     532 |       0 |   0.0 |       7 |       0 |   0.0
     Temple |      81 |       0 |   0.0 |       1 |       0 |   0.0
            +---------+---------+-------+---------+---------+-------
